 Dungeon Crawl Stone Soup version 0.31.0-10-gcf4a605ca0 (webtiles) character file.

Game seed: 16486289314006539520

142 ssalbiz the Conjurer (level 5, -1/28 HPs)
             Began as a Deep Elf Conjurer on Jan 26, 2024.
             Blown up by Ijyb (16 damage)
             ... with a mindburst bolt
             ... on level 4 of the Dungeon.
             The game lasted 00:02:52 (2745 turns).

ssalbiz the Conjurer (Deep Elf Conjurer)            Turns: 2745, Time: 00:02:52

Health: -1/28      AC:  2    Str:  4    XL:     5   Next: 3%
Magic:  6/14       EV: 12    Int: 25    God:
Gold:   147        SH:  0    Dex: 13    Spells: 11/14 levels left

rFire   . . .        g - +8 dagger of the New World {protect, Stlth+}
rCold   . . .        (no shield)
rNeg    . . .        a - +0 robe
rPois   .            (no helmet)
rElec   .            (no cloak)
rCorr   .            (no gloves)
SInv    .            (no boots)
Will    .....        (no amulet)
Stlth   +            (no ring)
HPRegen 0.24/turn    (no ring)
MPRegen 0.14/turn

%: no passive effects
@: on fire, glowing
A: no striking features
a: no special abilities


You were on level 4 of the Dungeon.
You visited 1 branch of the dungeon, and saw 4 of its levels.

You collected 147 gold pieces.

Inventory:

Hand Weapons
 g - the +8 dagger of the New World (weapon) {protect, Stlth+}
   (You found it on level 2 of the Dungeon)

   Stlth+:    It makes you more stealthy.
Armour
 a - a +0 robe (worn)
Jewellery
 j - a +6 ring of dexterity
 q - a ring of magical power
Wands
 m - a wand of light (5)
Scrolls
 e - 2 scrolls of poison {unknown}
 f - a scroll of blinking {unknown}
 h - a scroll of amnesia {unknown}
 i - a scroll of torment {unknown}
 k - 2 scrolls of identify {unknown}
 l - a scroll of noise {unknown}
 o - a scroll of vulnerability {unknown}
Potions
 b - a potion of magic
 c - 3 potions of heal wounds {unknown}
 d - 2 potions of curing {unknown}
 n - a potion of enlightenment {unknown}
 p - a potion of attraction {unknown}
 r - 2 potions of lignification {unknown}


   Skills:
 - Level 2.4 Dodging
 - Level 2.4 Stealth
 + Level 5.4 Spellcasting
 + Level 5.8 Conjurations


You had 11 spell levels left.
You knew the following spells:

 Your Spells              Type           Power      Damage    Failure   Level
a - Magic Dart            Conj           100%       1d8       1%          1
b - Searing Ray           Conj           72%        2d7       1%          2

Your spell library contained the following spells:

 Spells                   Type           Power      Damage    Failure   Level
 Tukima's Dance           Hex            6%         N/A       24%         3
 Fulminant Prism          Conj/Alch      10%        3d9       24%         4
 Iskenderun's Mystic Bla  Conj/Tloc      21%        2d6       24%         4
 Passage of Golubria      Tloc           6%         N/A       61%         4
 Summon Forest            Summ/Tloc      3%         N/A       91%         5
 Summon Mana Viper        Hex/Summ       6%         N/A       91%         5
 Yara's Violent Unravell  Hex/Alch       3%         3d4       91%         5
 Summon Cactus Giant      Summ           3%         N/A       100%        6


Dungeon Overview and Level Annotations

Branches:
Dungeon (4/15)
 Temple: D:4-7

Altars:
Wu Jian
Yredelemnul
The Shining One

Annotations:
D:4 Ijyb


Message History

Casting: Magic Dart (safe; 1% risk of failure)
Confirm with . or Enter, or press ? or * to list all spells.
Aiming: Magic Dart (safe; 1% risk of failure)
Press: ? - help, Shift-Dir - straight line, f/p - bombardier beetle
Aim: a bombardier beetle (almost dead, 100% to hit)
The magic dart hits the bombardier beetle but does no damage.
The bombardier beetle is almost dead.
The liquid fire burns you!
Unknown command.
Casting: Magic Dart (safe; 1% risk of failure)
Confirm with . or Enter, or press ? or * to list all spells.
Aiming: Magic Dart (safe; 1% risk of failure)
Press: ? - help, Shift-Dir - straight line, f/p - bombardier beetle
Aim: a bombardier beetle (almost dead, 100% to hit)
The magic dart hits the bombardier beetle.
The bombardier beetle is almost dead.
The liquid fire burns you!
The bombardier beetle sprays incendiary fluid at you.
The burning spray misses you.
Casting: Magic Dart (safe; 1% risk of failure)
Confirm with . or Enter, or press ? or * to list all spells.
Aiming: Magic Dart (safe; 1% risk of failure)
Press: ? - help, Shift-Dir - straight line, f/p - bombardier beetle
Aim: a bombardier beetle (almost dead, 100% to hit)
The magic dart hits the bombardier beetle but does no damage.
The bombardier beetle is almost dead.
The liquid fire burns you!
Unknown command.
Casting: Magic Dart (safe; 1% risk of failure)
Confirm with . or Enter, or press ? or * to list all spells.
Aiming: Magic Dart (safe; 1% risk of failure)
Press: ? - help, Shift-Dir - straight line, f/p - bombardier beetle
Aim: a bombardier beetle (almost dead, 100% to hit)
The magic dart hits the bombardier beetle.
You kill the bombardier beetle!
Ijyb shouts!
The liquid fire burns you!
Ijyb zaps a wand.
Your mind is blasted!
Ouch! That really hurt!
You die...

#..............
....................
.....................
#....................
#....................
#.............$.....
#............).....
#....@.............
##.......<..g......
#.................
...................
.....#>...........###
##..##......†..####
### #.....[....
.............
..............


You could see Ijyb.

Vanquished Creatures
  2 bombardier beetles
  6 adders
  3 orcs (D:3)
  6 endoplasms
  3 giant cockroaches
  3 goblins
  3 hobgoblins
  4 jackals (D:2)
  2 quokkas
  9 ball pythons
  6 bats
  2 frilled lizards (D:2)
  A kobold (D:2)
  3 rats
53 creatures vanquished.

Notes
Turn   | Place    | Note
-------+----------+-------------------------------------------
     0 | D:1      | ssalbiz the Deep Elf Conjurer began the quest for the Orb.
     0 | D:1      | Reached XP level 1. HP: 10/10 MP: 6/6
   352 | D:1      | Reached XP level 2. HP: 15/15 MP: 5/8
   982 | D:2      | Found a basalt altar of Yredelemnul.
  1015 | D:2      | Identified the +8 dagger of the New World {protect, Stlth+}
  1109 | D:2      | Reached skill level 5 in Conjurations
  1109 | D:2      | Reached XP level 3. HP: 19/19 MP: 8/10
  1370 | D:2      | Found a faded altar of an unknown god.
  1631 | D:3      | Found a glowing golden altar of the Shining One.
  1709 | D:3      | Reached XP level 4. HP: 18/24 MP: 12/12
  1922 | D:3      | Reached skill level 5 in Spellcasting
  1933 | D:3      | Learned a level 2 spell: Searing Ray
  2018 | D:3      | Reached XP level 5. HP: 28/28 MP: 11/14
  2254 | D:3      | Found an ornate altar of the Wu Jian Council.
  2646 | D:4      | Noticed Ijyb
  2745 | D:4      | Blown up by Ijyb

Illustrated notes

Levels and vault maps discovered:
D:1:      nzn_arrival_settlement, layout_basic
D:2:      layout_basic, dreamdust_ecumenical_altar_statues, basic_altar
D:3:      layout_basic, nzn_wu_jian_council_hall,
          mainiacjoe_overflow_concentric_impassable, minmay_shallow_snake_nest
D:4:      minmay_chambers_of_fours, layout_layer_cave, temple_doors_cd,
          uniq_ijyb, uniq_robin

Skill      XL: |  1  2  3  4 |
---------------+-------------+-----
Spellcasting   | 4 5 |  5.4
Conjurations   | 5 |  5.8
Dodging        | |  2.4
Stealth        | |  2.4

Action                     |  1- 3 |  4- 6 || total
---------------------------+-------+-------++-------
  Melee: Dagger            |    32 |    11 ||    43
         Punch             |     1 |       ||     1
   Cast: Magic Dart        |    36 |    34 ||    70
   Stab: Sleeping          |     3 |     1 ||     4
 Armour: Robe              |    16 |     4 ||    20
  Dodge: Dodged            |    15 |     5 ||    20
